 Dungeon Crawl Stone Soup version 0.29-a0-1008-g949cc1d0fb (webtiles) character file.

Game seed: 4909429350486190080

680 RevDB the Conjurer (level 7, 0/60 HPs)
             Began as a White Draconian Conjurer on Aug 7, 2022.
             Slain by Pikel
             ... wielding a +1 whip of flaming
              (3 damage)
             ... on level 4 of the Dungeon.
             The game lasted 00:34:12 (4931 turns).

RevDB the Conjurer (White Draconian Conjurer)       Turns: 4931, Time: 00:34:12

Health: 0/60       AC:  9    Str:  9    XL:     7   Next: 34%
Magic:  3/10       EV: 11    Int: 26    God:
Gold:   251        SH:  3    Dex: 10    Spells: 7/10 levels left

rFire   . . .      SeeInvis .   F - +1 short sword (holy)
rCold   + + .      Faith    .   g - +0 buckler
rNeg    . . .      Spirit   .   (body armour unavailable)
rPois   .          Reflect  .   (helmet restricted)
rElec   .          Harm     .   j - +0 cloak
rCorr   .          Rampage  .   t - +0 pair of gloves
Will    .....                   D - +0 pair of boots
Stlth   ++........              (no amulet)
HPRegen 0.20/turn               y - +6 ring of intelligence
MPRegen 0.12/turn               v - ring of protection from cold

@: no status effects
A: breathe frost, AC +6, unfitting armour, cold resistance 1, cold-blooded
a: Breathe Frost


You were on level 4 of the Dungeon.
You visited 1 branch of the dungeon, and saw 4 of its levels.
You also visited: Sewer.

You collected 251 gold pieces.

Inventory:

Hand Weapons
 b - a +0 club
 c - a +0 dagger
 F - a +1 short sword of holy wrath (weapon)
Armour
 g - a +0 buckler (worn)
 j - a +0 cloak (worn)
 t - a +0 pair of gloves (worn)
 D - a +0 pair of boots (worn)
Jewellery
 m - a +6 ring of dexterity
 v - a ring of protection from cold (right hand)
 y - a +6 ring of intelligence (left hand)
 C - a +6 ring of strength
Wands
 r - a wand of roots (6)
Scrolls
 k - a scroll of butterflies {unknown}
 l - a scroll of fear {unknown}
 q - a scroll of noise {unknown}
 s - 4 scrolls of teleportation
 u - a scroll of blinking {unknown}
 w - a scroll of amnesia {unknown}
 x - a scroll of immolation {unknown}
 B - a scroll of magic mapping {unknown}
 E - a scroll of enchant weapon {unknown}
Potions
 a - 2 potions of magic
 e - a potion of invisibility
 f - a potion of resistance
 h - 2 potions of curing
 i - 2 potions of attraction
 n - 4 potions of might
 o - 2 potions of lignification
 p - 3 potions of heal wounds
 z - a potion of mutation {unknown}
 A - 3 potions of haste


   Skills:
 + Level 4.9 Fighting
 - Level 1.7 Dodging
 - Level 1.7 Stealth
 - Level 2.0 Spellcasting
 - Level 7.7 Conjurations


You had 7 spell levels left.
You knew the following spells:

 Your Spells              Type           Power      Damage    Failure   Level
a - Magic Dart            Conj           100%       1d8       1%          1
b - Searing Ray           Conj           84%        2d7       1%          2

Your spell library contained the following spells:

 Spells                   Type           Power      Damage    Failure   Level
 Dazzling Flash           Conj/Hex       44%        N/A       9%          3
 Mephitic Cloud           Conj/Pois/Air  16%        N/A       14%         3
 Call Imp                 Summ           2%         N/A       22%         2
 Fulminant Prism          Conj/Hex       11%        3d9       28%         4
 Iskenderun's Mystic Bla  Conj/Tloc      22%        2d6       28%         4


Dungeon Overview and Level Annotations

Branches:
Dungeon (4/15)              Sewer (visited)
 Temple: D:4-7

Altars:

Annotations:
D:4 Pikel


Innate Abilities, Weirdness & Mutations

You can breathe waves of freezing cold which knock back foes.
Your icy white scales are hard. (AC +6)
You cannot fit into any form of body armour.
Your flesh is cold resistant. (rC+)
You are cold-blooded and may be slowed by cold attacks.


Message History

You hit Pikel but do no damage.
Pikel is severely wounded.
Pikel hits you with a +1 whip of flaming.
* * * LOW HITPOINT WARNING * * *
Pikel burns you.
* * * LOW HITPOINT WARNING * * *
You hit Pikel.
Pikel is severely wounded.
Pikel hits you but does no damage.
You hit Pikel.
Pikel is severely wounded.
Pikel hits you but does no damage.
You closely miss Pikel. You tail-slap Pikel, but do no damage.
Pikel is severely wounded.
Pikel says, "I'm sure they'll be treated well, anyway."
Pikel completely misses you.
You hit Pikel but do no damage. You tail-slap Pikel, but do no damage.
Pikel is severely wounded.
Pikel misses you.
You closely miss Pikel.
Pikel is severely wounded.
Pikel misses you. Pikel closely misses you.
You hit Pikel.
Pikel is almost dead.
Pikel hits you with a +1 whip of flaming.
* * * LOW HITPOINT WARNING * * *
Pikel burns you.
* * * LOW HITPOINT WARNING * * *
You hit Pikel but do no damage.
Pikel is almost dead.
Pikel misses you.
You barely miss Pikel.
Pikel is almost dead.
Pikel hits you but does no damage.
You hit Pikel but do no damage.
Pikel is almost dead.
Pikel hits you with a +1 whip of flaming.
* * * LOW HITPOINT WARNING * * *
Pikel burns you.
You die...

#### #### ####~~####~~##
#..~~~~÷~~~~~# #@##~~####~)##
##K#####~~##~# #########
#55##~~~~~~#÷#
.......!#######5###~÷~~.~#÷#
........##.....h..#~##~~##~#
........##..h....##~~####~~##
..........h......#~~~~~~~~~~#
.................##~~####~~##
................5.#### ####


You could see Pikel, 3 lemures and a jackal.

Vanquished Creatures
  A lemure (D:4)
  3 kobold brigands (Sewer)
  A gnoll bouda (D:4)
  A hound (D:3)
  An orc wizard (D:3)
  16 adders
  5 gnolls (D:4)
  6 river rats
  4 dart slugs
  3 worms
  6 orcs
  16 ball pythons
  10 endoplasms
  A giant cockroach (D:4)
  8 hobgoblins
  3 jackals (D:4)
  4 quokkas
  4 bats
  7 frilled lizards
  9 goblins
  20 kobolds
  27 rats
156 creatures vanquished.

Vanquished Creatures (others)
  A fungus (D:1)
1 creature vanquished.

Grand Total: 157 creatures vanquished

Notes
Turn   | Place    | Note
-------+----------+-------------------------------------------
     0 | D:1      | RevDB the Draconian Conjurer began the quest for the Orb.
     0 | D:1      | Reached XP level 1. HP: 14/14 MP: 3/3
   234 | D:1      | Reached XP level 2. HP: 16/20 MP: 1/5
   537 | D:1      | Found a faded altar of an unknown god.
   634 | D:1      | Learned a level 2 spell: Searing Ray
   801 | D:1      | Reached skill level 5 in Conjurations
   931 | D:1      | Reached XP level 3. HP: 26/26 MP: 4/6
  1372 | D:2      | Reached XP level 4. HP: 31/33 MP: 3/7
  2077 | D:3      | Reached skill level 6 in Conjurations
  2427 | D:3      | Reached XP level 5. HP: 34/38 MP: 1/8
  2925 | D:4      | Noticed Pikel
  2925 | D:4      | Noticed a lemure
  2925 | D:4      | Noticed a lemure
  3024 | D:4      | Reached skill level 7 in Conjurations
  3095 | D:4      | Noticed a lemure
  3123 | D:3      | Reached XP level 6. HP: 39/45 MP: 3/9
  3446 | D:4      | Found a glowing drain.
  3458 | Sewer    | Entered a sewer
  3958 | Sewer    | Reached skill level 1 in Fighting
  4502 | Sewer    | Your scales start taking on an icy white colour.
  4502 | Sewer    | Reached XP level 7. HP: 57/57 MP: 1/10
  4502 | Sewer    | Gained mutation: Your flesh is cold resistant. (rC+) [White
                  | Draconian growth]
  4931 | D:4      | HP: 3/60 [Pikel/+1 whip of flaming (6)]
  4931 | D:4      | Slain by Pikel

Illustrated notes

Levels and vault maps discovered:
D:1:      dpeg_arrival_short_road, layout_basic,
          shapermc_ecumenical_altar_mp_urbaneastern, kennysheep_doodads
D:2:      layout_loops_ring, chequers_garden, minmay_heptomino_o4
D:3:      layout_basic, serial_bayou_pond_e, amcnicky_mini_pool_small,
          corner_web_ring, kennysheep_nub
D:4:      layout_basic, gup_sewer_entry_bubbles, grunt_decor_cap, uniq_pikel

Skill      XL: |  1  2  3  4  5  6  7 |
---------------+----------------------+-----
Conjurations   | 5 6 7 |  7.7
Fighting       | 3 4 |  4.9
Dodging        | |  1.7
Stealth        | |  1.7
Spellcasting   | |  2.0

Action                   |  1- 3 |  4- 6 |  7- 9 || total
-------------------------+-------+-------+-------++-------
Melee: Club              |    10 |       |       ||    10
       Tailslap          |    11 |    26 |    11 ||    48
       Dagger            |    35 |   178 |       ||   213
       Short sword       |       |    14 |    49 ||    63
 Cast: Magic Dart        |    60 |    96 |    13 ||   169
       Searing Ray       |       |    17 |     5 ||    22
Evoke: Wand              |       |     1 |       ||     1
  Use: Scroll            |       |       |     9 ||     9
       Potion            |       |       |     1 ||     1
 Stab: Sleeping          |     3 |       |       ||     3
Armor: Skin              |    14 |   135 |    15 ||   164
Dodge: Dodged            |    20 |   168 |    26 ||   214
Block: Buckler           |     3 |    31 |     8 ||    42

Table legend: (Time is in decaauts)
 A = Elapsed time spent in this place.
 B = Non-inter-level travel time spent in this place.
 C = Inter-level travel time spent in this place.
 D = Time resting spent in this place.
 E = Time spent auto-exploring this place.
 F = Levels seen in this place.
 G = Mean time per level.
                   A        B        C        D        E       F      G
               +--------+--------+--------+--------+--------+-----+--------+
         Total |   5005 |   4917 |     88 |    899 |    781 |   5 | 1001.0 |
       Dungeon |   3587 |   3499 |     88 |    155 |    781 |   4 |  896.8 |
         Sewer |   1418 |   1418 |      0 |    744 |      0 |   1 | 1418.0 |
               +--------+--------+--------+--------+--------+-----+--------+

Top non-repeatable levels by time:
   Sewer: 1418 daAuts
     D:3: 1267 daAuts
     D:1: 1005 daAuts
     D:2: 713 daAuts
     D:4: 600 daAuts
